 Dungeon Crawl Stone Soup version 0.31.0-1-g2c135a008e (webtiles) character file.

Game seed: 4762065677794345801

81 qw the Shooter (level 4, 0/35 HPs)
             Began as a Djinni Hunter on Jan 24, 2024.
             Killed from afar by Ijyb (1 damage)
             ... with a puff of flame
             ... on level 3 of the Dungeon.
             The game lasted 00:00:08 (1937 turns).

qw the Shooter (Djinni Hunter)                      Turns: 1937, Time: 00:00:08

Health: 0/35       AC:  4    Str: 10    XL:     4   Next: 68%
Gold:   81         EV: 13    Int: 10    God:
                   SH:  0    Dex: 19

rFire   + + .        a - +0 shortbow
rCold   x . .        (shield currently unavailable)
rNeg    + . .        e - +2 robe {rN+}
rPois   inf          (no helmet)
rElec   .            (no cloak)
rCorr   .            (no gloves)
SInv    .            (boots unavailable)
Will    .....        g - amulet of the acrobat
Stlth   ++           (no ring)
HPRegen 0.25/turn    (no ring)
MPRegen 0.00/turn

%: acrobat, infuse magic (-1 HP)
@: flying
A: sickness immunity, fire resistance 2, cold vulnerability 1, float, innate
caster, HP casting, extra vitality 1
a: no special abilities


You were on level 3 of the Dungeon.
You visited 1 branch of the dungeon, and saw 3 of its levels.

You collected 81 gold pieces.


Innate Abilities, Weirdness & Mutations

You are immune to sickness and miasma.
You are immune to poison.
Your flesh is very heat resistant. (rF++)
You are vulnerable to cold. (rC-)
You float through the air rather than walking.
You learn spells naturally, not from books.
Your magical power is your life essence.
You have superior vitality. (+4 MHP)


   Skills:
 - Level 3.1 Fighting
 - Level 4.0 Ranged Weapons
 - Level 1.0 Armour
 + Level 2.6 Dodging
 - Level 0.7 Stealth


You knew the following spells:

 Your Spells              Type           Power      Damage    Failure   Level
a - Sting                 Conj/Alch      0%         1d3       36%         1
Your spell library was empty.

Inventory:

Hand Weapons
 a - a +0 shortbow (weapon)
Armour
 e - a +2 robe of positive energy (worn)
Jewellery
 b - a ring of see invisible
 f - an amulet of reflection
 g - an amulet of the acrobat (around neck)
Potions
 c - a potion of attraction {unknown}
 d - a potion of haste
 l - a potion of might

Dungeon Overview and Level Annotations

Branches:
Dungeon (3/15)

Altars:
Fedhas

Annotations:
D:3 Ijyb, Robin


Message History

The goblin barely misses you.
You shoot an arrow. The arrow hits the goblin!
You kill the goblin!
Ijyb barely misses you.
You shoot an arrow. The arrow closely misses Ijyb.
The arrow hits Robin.
Robin is lightly wounded.
Ijyb hits you with a +0 dagger. x2
You shoot an arrow. The arrow barely misses Ijyb.
The arrow hits the adder!
The adder is almost dead.
The hobgoblin hits you.
Ijyb zaps a wand.
The puff of flame misses you. Robin throws Ijyb at you!
You shoot an arrow. The arrow closely misses the adder.
The arrow barely misses Robin.
The adder barely misses you. Ijyb closely misses you. The hobgoblin hits you.
You shoot an arrow. The arrow hits the adder.
You kill the adder!
The hobgoblin hits you but does no damage.
The hobgoblin closely misses you. Ijyb barely misses you.
Robin barely misses you.
You shoot an arrow. The arrow closely misses Ijyb.
The hobgoblin hits you but does no damage.
The hobgoblin misses you.
Ijyb zaps a wand.
The puff of flame hits you. You resist. Robin hits you with a +0 mace.
You shoot an arrow. The arrow barely misses Ijyb.
The hobgoblin no longer looks unusually strong.
The hobgoblin barely misses you. The hobgoblin completely misses you.
Ijyb zaps a wand.
The puff of flame hits you. You resist. The hobgoblin hits you.
Robin misses you. The hobgoblin closely misses you.
The hobgoblin barely misses you.
Ijyb zaps a wand.
The puff of flame hits you. You resist.
The hobgoblin hits you but does no damage.
Robin closely misses you.
You shoot an arrow. The arrow closely misses Ijyb.
The hobgoblin no longer looks unusually strong.
The hobgoblin barely misses you. The hobgoblin closely misses you.
Robin roars a battlecry!
The hobgoblins go into a battle-frenzy!
The hobgoblin hits you.
Ijyb zaps a wand.
The puff of flame hits you. You resist.
You die...

..#.###..........# #.
..#.#.#..........# #.
(.............<)#####.
#...#................
#....................
#.>..#...............
#....#.###########.
###g.#.# ## #g@gg#.#
#....ggg#.#
#.##.##.#.# # #. .....
## #.... .......
...... ....


You could see Ijyb (strong), Robin and 5 hobgoblins.

Vanquished Creatures
  3 adders
  2 dart slugs
  2 ribbon worms (D:2)
  6 ball pythons
  5 endoplasms
  3 giant cockroaches
  4 hobgoblins
  2 quokkas
  A bat (D:1)
  2 frilled lizards
  5 goblins
  6 kobolds
  5 rats (D:2)
46 creatures vanquished.

Notes
Turn   | Place    | Note
-------+----------+-------------------------------------------
     0 | D:1      | qw the Djinni Hunter began the quest for the Orb.
     0 | D:1      | Reached XP level 1. HP: 18/18 MP: 0/0
     0 | D:1      | 0 ||| qw: Version: 0.3-a-136-gdd3b4e8
     0 | D:1      | 0 ||| qw: Game counter: 1394
     0 | D:1      | 0 ||| qw: Melee chars always use a shield: true
     0 | D:1      | 0 ||| qw: God list: Okawaru
     0 | D:1      | 0 ||| qw: Allow faded altars: false
     0 | D:1      | 0 ||| qw: Do Orc after clearing Dungeon:15 true
     0 | D:1      | 0 ||| qw: Do second Lair branch before Depths: true
     0 | D:1      | 0 ||| qw: Lair rune preference: random
     0 | D:1      | 0 ||| qw: Goals: Normal
     0 | D:1      | 0 ||| PLANNING D:1-11
   159 | D:1      | Found a faded altar of an unknown god.
   173 | D:1      | Reached XP level 2. HP: 14/23 MP: 0/0
   856 | D:1      | 856 ||| UPGRADING to +0 ring mail.
   866 | D:1      | 866 ||| DROPPING +0 leather armour.
   867 | D:1      | 867 ||| UPGRADING to amulet of the acrobat.
   872 | D:1      | 872 ||| READING scroll labelled COCWEDDUKHLA.
   873 | D:1      | 873 ||| READING scroll labelled GUXIMUNIRPH.
   974 | D:1      | 974 ||| READING scroll labelled MAWYCE SUQUMUIL.
   974 | D:1      | 974 ||| IDENTIFYING orange potion
   975 | D:1      | 975 ||| READING scroll labelled WEIGGOGHUECK.
   978 | D:1      | 978 ||| DROPPING scroll of butterflies.
   979 | D:1      | 979 ||| DROPPING potion of brilliance.
  1015 | D:2      | Found a blossoming altar of Fedhas.
  1052 | D:2      | Reached XP level 3. HP: 27/28 MP: 0/0
  1052 | D:2      | Learned a level 1 spell: Sting
  1054 | D:2      | Reached skill level 4 in Ranged Weapons
  1177 | D:2      | Reached skill level 1 in Armour
  1493 | D:2      | Reached XP level 4. HP: 21/34 MP: 0/0
  1527 | D:2      | 1527 ||| FLEEEEING.
  1568 | D:2      | Reached skill level 3 in Fighting
  1799 | D:2      | 1799 ||| UPGRADING to +2 robe of positive energy.
  1809 | D:2      | 1809 ||| DROPPING +0 ring mail.
  1810 | D:2      | 1810 ||| READING 5 scrolls of identify.
  1810 | D:2      | 1810 ||| IDENTIFYING emerald potion
  1811 | D:2      | 1811 ||| READING 4 scrolls of identify.
  1811 | D:2      | 1811 ||| IDENTIFYING black potion
  1812 | D:2      | 1812 ||| READING 3 scrolls of identify.
  1812 | D:2      | 1812 ||| IDENTIFYING murky red potion
  1813 | D:2      | 1813 ||| READING 2 scrolls of identify.
  1813 | D:2      | 1813 ||| IDENTIFYING green potion
  1814 | D:2      | 1814 ||| DRINKING potion of mutation.
  1815 | D:2      | 1815 ||| READING scroll of identify.
  1815 | D:2      | 1815 ||| IDENTIFYING blue potion
  1816 | D:2      | 1816 ||| READING scroll labelled WARAXA WAOX.
  1817 | D:2      | 1817 ||| DRINKING 2 viscous pink potions.
  1818 | D:2      | 1818 ||| DROPPING potion of magic.
  1819 | D:2      | 1819 ||| DROPPING potion of ambrosia.
  1820 | D:2      | 1820 ||| DROPPING potion of degeneration.
  1922 | D:3      | Noticed Ijyb
  1922 | D:3      | Noticed Robin
  1936 | D:3      | HP: 7/35 [hobgoblin (5)]
  1937 | D:3      | HP: 1/35 [hobgoblin (3)]
  1937 | D:3      | Killed from afar by Ijyb

Levels and vault maps discovered:
D:1:      shiori_arrival_elements, layout_basic, serial_glass, glass_columns_b,
          glass_columns_a, dreamdust_ecumenical_altar_hidden_monk_grotto
D:2:      layout_basic, basic_altar, kennysheep_generic_room_2
D:3:      layout_basic, nicolae_dithmenos_shadow_blocks, marbit_many_paths,
          minmay_misc_feat_rugged, nicolae_goblin_pals

Skill      XL: |  1  2  3  4 |
---------------+-------------+-----
Ranged Weapons | 4 |  4.0
Armour         | 1 |  1.0
Fighting       | 3 |  3.1
Dodging        | |  2.6
Stealth        | |  0.7

Action                     |  1- 3 |  4- 6 || total
---------------------------+-------+-------++-------
   Fire: Shortbow          |   115 |    45 ||   160
    Use: Scroll            |     4 |     6 ||    10
         Potion            |       |     2 ||     2
 Armour: Leather armour    |     6 |       ||     6
         Ring mail         |    26 |     5 ||    31
         Robe              |       |    19 ||    19
  Dodge: Dodged            |    30 |    28 ||    58

Table legend:
 A = Non-vault XP
 B = Vault XP
 C = Vault XP percentage of total XP
 D = Non-vault monster count
 E = Vault monster count
 F = Vault count percentage of total count
                 A         B        C        D         E       F
            +---------+---------+-------+---------+---------+-------
      Total |     114 |       3 |   2.6 |      44 |       2 |   4.3
            +---------+---------+-------+---------+---------+-------
        D:1 |      26 |       0 |   0.0 |      14 |       0 |   0.0
        D:2 |      70 |       0 |   0.0 |      26 |       0 |   0.0
        D:3 |      18 |       3 |  14.3 |       4 |       2 |  33.3
            +---------+---------+-------+---------+---------+-------
